 Dungeon Crawl Stone Soup version 0.31-a0-740-g87205ac768 (webtiles) character file.

Game seed: 5795100865213060740

49 subawu the Ruffian (level 3, 0/28 HPs)
             Began as a Demigod Shapeshifter on Sept 11, 2023.
             Succumbed to an adder's poison
             ... on level 2 of the Dungeon on Sept 12, 2023.
             The game lasted 00:06:16 (1179 turns).

subawu the Ruffian (Demigod Shapeshifter)           Turns: 1179, Time: 00:06:16

Health: 0/28       AC:  2    Str: 19    XL:     3   Next: 32%
Magic:  5/5        EV: 12    Int: 12    God:
Gold:   67         SH:  0    Dex: 13    Spells: 2/2 levels left

rFire   + .          .
                       - Unarmed
rCold   + . .        (no shield)
rNeg    . . .        l - +0 robe
rPois   +            (helmet currently unavailable)
rElec   +            (cloak currently unavailable)
rCorr   +            (gloves currently unavailable)
SInv    .            (boots currently unavailable)
Will    .....        (no amulet)
Stlth   +            (no ring)
HPRegen 0.24/turn    (no ring)
MPRegen 0.09/turn

%: no passive effects
@: lethally poisoned (0 -> 0), beast-form, resistant
A: beast (slay +1), high MP 1, forlorn, divine attributes
a: Begin Untransformation


You were on level 2 of the Dungeon.
You were a hulking beast.
You visited 1 branch of the dungeon, and saw 2 of its levels.

You collected 67 gold pieces.

Inventory:

Armour
 a - a +0 animal skin
 k - a +0 robe
 l - a +0 robe (worn)
Magical Staves
 e - a staff of death
Jewellery
 f - a ring of wizardry
Talismans
 c - a beast talisman (active)
 d - a flux talisman
Scrolls
 h - a scroll of amnesia {unknown}
Potions
 b - a potion of lignification
 g - 3 potions of heal wounds {unknown}
 j - a potion of curing {unknown}


   Skills:
 + Level 1.1 Fighting
 + Level 2.2 Dodging
 + Level 3.4 Unarmed Combat
 + Level 3.0 Shapeshifting


You had 2 spell levels left.
You didn't know any spells.
Your spell library contained the following spells:

 Spells                   Type           Power      Damage    Failure   Level
 Ensorcelled Hibernation  Hex/Ice        0%         N/A       45%         2
 Passwall                 Tmut/Erth      0%         N/A       45%         2
 Swiftness                Air            0%         N/A       69%         3


Dungeon Overview and Level Annotations

Branches:
Dungeon (2/15)


Innate Abilities, Weirdness & Mutations

You are a hulking beast.
Your limbs bulge with bestial killing power. (Slay +1)
You have an increased reservoir of magic. (+10% MP)
You shall have no god before yourself.
Your divine heritage dramatically boosts your attributes as you level up.


Message History

The adder hisses angrily.
You miss the adder. The adder closely misses you.
You hit the adder but do no damage. The adder bites you.
You miss the adder. The adder bites you.
You hit the adder.
The adder is heavily wounded.
The adder bites you.
You are poisoned.
The adder poisons you!
You barely miss the adder.
The adder is heavily wounded.
You feel sick. The adder bites you. The adder barely misses you.
You miss the adder.
The adder is heavily wounded.
You feel sick. The adder bites you.
You are more poisoned.
The adder poisons you!
You closely miss the adder.
The adder is heavily wounded.
You feel sick. The adder bites you.
* * * LOW HITPOINT WARNING * * *
You hit the adder.
The adder is almost dead.
* * * LOW HITPOINT WARNING * * *
You feel sick. The adder bites you but does no damage.
You miss the adder.
The adder is almost dead.
* * * LOW HITPOINT WARNING * * *
You feel sick. The adder completely misses you.
You hit the adder.
You kill the adder!
* * * LOW HITPOINT WARNING * * *
You feel sick.
* * * LOW HITPOINT WARNING * * *
You feel sick.
* * * LOW HITPOINT WARNING * * *
You feel sick.
It was a potion of resistance.
You feel protected.
You die...

##.##.#
#.##.#
#....#
#..###
###..#####
#........#
#.###.###.#
# #..# #.h#
#...#.#
##<##.# #.
#.# # #.#
#.# ... ...


There were no monsters in sight!

Vanquished Creatures
  An adder (D:2)
  3 endoplasms (D:1)
  A giant cockroach (D:2)
  4 goblins (D:1)
  6 hobgoblins
  2 jackals (D:1)
  4 kobolds (D:1)
  2 quokkas
  6 ball pythons (D:1)
  3 bats
  A frilled lizard (D:1)
  2 rats (D:1)
35 creatures vanquished.

Notes
Turn   | Place    | Note
-------+----------+-------------------------------------------
     0 | D:1      | subawu the Demigod Shapeshifter began the quest for the
                  | Orb.
     0 | D:1      | Reached XP level 1. HP: 15/15 MP: 3/3
    22 | D:1      | Reached skill level 1 in Fighting
   103 | D:1      | Upgraded the game from 0.31-a0-728-g01b46875f1 to
                  | 0.31-a0-740-g87205ac768
   253 | D:1      | Reached XP level 2. HP: 23/23 MP: 4/4
   955 | D:1      | Reached XP level 3. HP: 28/28 MP: 5/5
  1178 | D:2      | HP: 1/28 [poisoned by an adder]
  1179 | D:2      | Succumbed to an adder's poison

Illustrated notes

Levels and vault maps discovered:
D:1:      minmay_arrival_semitransparent, layout_basic,
          hellmonk_ecumenical_altar_crossroads, corexii_item_surrounded_by_moat
D:2:      layout_loops_ring, serial_shops, nicolae_shop_crystal,
          nicolae_shop_stone, nicolae_shop_just_a_little_nook, wad_orctagon

Skill      XL: |  1  2 |
---------------+-------+-----
Fighting       | 1 |  1.1
Unarmed Combat | 3 |  3.4
Dodging        | 2 |  2.2
Shapeshifting  | 3 |  3.0

Action                     || total
---------------------------++-------
  Melee: Unarmed           ||    94
         Punch             ||     1
    Use: Potion            ||     1
 Armour: Animal skin       ||    53
         Robe              ||    14
  Dodge: Dodged            ||    87

Table legend: (Time is in decaauts)
 A = Elapsed time spent in this place.
 B = Non-inter-level travel time spent in this place.
 C = Inter-level travel time spent in this place.
 D = Time resting spent in this place.
 E = Time spent auto-exploring this place.
 F = Levels seen in this place.
 G = Mean time per level.
                   A        B        C        D        E       F      G
               +--------+--------+--------+--------+--------+-----+--------+
         Total |   1173 |   1173 |      0 |      0 |    412 |   2 |  586.5 |
       Dungeon |   1173 |   1173 |      0 |      0 |    412 |   2 |  586.5 |
               +--------+--------+--------+--------+--------+-----+--------+

Top non-repeatable levels by time:
     D:1: 1009 daAuts
     D:2: 163 daAuts
